 Dungeon Crawl Stone Soup version 0.18.1-50-g88ac8fd (webtiles) character file.

180075 Chiseanne the Unseen (level 17, -9/84 HPs)
             Began as a Spriggan Assassin on Mar 30, 2017.
             Was an Initiate of Gozag.
             Shot with an arrow by a deep elf master archer (21 damage)
             ... on level 3 of the Elven Halls.
             The game lasted 02:52:38 (39068 turns).

Chiseanne the Unseen (Spriggan Assassin)           Turns: 39068, Time: 02:52:38

Health: -9/84      AC: 20    Str: 14    XL:     17   Next: 31%
Magic:  26/26      EV: 30    Int:  8    God:    Gozag
Gold:   51         SH: 16    Dex: 28    Spells: 4 memorised, 6 levels left

rFire  + . .     SeeInvis +     a - +7 hand axe (elec)
rCold  + + .     Gourm    .     R - +3 ice dragon armour of Xepsy {rF- rC++ Regen+ Str+3 Dex-3}
rNeg   + . .     Faith    .     U - +3 buckler {reflect}
rPois  +         Spirit   .     V - +2 hat
rElec  .         Dismiss  .     v - +2 cloak
rCorr  .         Reflect  +     (gloves unavailable)
SustAt .         Harm     .     (boots unavailable)
MR     ++...                    Y - amulet "Lyudoi" {Reflect rF++ rN+ Str+4 Int-5 SH+2}
Stlth  ++++++++..               o - +5 ring of dexterity
                                B - ring of stealth

@: gold aura, very quick, very resistant to hostile enchantments,
extraordinarily stealthy
A: unfitting armour, see invisible, agile 1, herbivore 3, speed 3, frail 1,
mutation resistance 1, poison resistance, slow metabolism 2
a: Potion Petition, Call Merchant, Bribe Branch, Renounce Religion
}: 1/15 runes: abyssal


You were on level 3 of the Elven Halls.
You worshipped Gozag.
Gozag was noncommittal.
You were not hungry.

You visited 5 branches of the dungeon, and saw 29 of its levels.
You visited the Abyss 2 times.
You also visited: Labyrinth, Sewer, Bailey and Ice Cave.

You collected 14125 gold pieces.
You spent 7122 gold pieces at shops.
You paid 6952 gold pieces to Gozag.

Inventory:

Hand Weapons
 a - a +7 hand axe of electrocution (weapon)
 e - a +2 hunting sling of flaming
 p - a +0 rapier of protection
 s - a +2 short sword of venom
 w - the +6 blowgun of Wyrd {evade, rC+ rN+}
   (You bought it in a shop on level 15 of the Dungeon)

   It affects your evasion (+5 to EV).
   It protects you from cold.
   It protects you from negative energy.
 K - a +1 hunting sling of freezing
Missiles
 r - 6 throwing nets (quivered) {!*}
 C - 395 stones
 D - 89 poisoned needles
 F - a steel tomahawk
 I - 51 sling bullets
 M - 3 curare-tipped needles
Armour
 v - a +2 cloak (worn)
 R - the +3 ice dragon armour of Xepsy (worn) {rF- rC++ Regen+ Str+3 Dex-3}
   (You found it in an ice cave)

   It affects your strength (+3).
   It affects your dexterity (-3).
   It makes you vulnerable to fire.
   It greatly protects you from cold.
   It increases your rate of regeneration.
 U - a +3 buckler of reflection (worn)
 V - a +2 hat (worn)
Rods
 z - a +4 rod of ignition (1/12)
   (You found it in a labyrinth)
 N - a +0 rod of ignition (3/9)
   (You found it on level 2 of the Lair of Beasts)
 P - a +6 lightning rod (2/17)
   (You found it in an ice cave)
Jewellery
 o - a +5 ring of dexterity (right hand)
 B - a ring of stealth (left hand)
 Y - the amulet "Lyudoi" (around neck) {Reflect rF++ rN+ Str+4 Int-5 SH+2}
   (You bought it in a shop on level 11 of the Dungeon)

   [amulet of reflection]

   It shields you and reflects attacks.
   It affects your strength (+4).
   It affects your intelligence (-5).
   It greatly protects you from fire.
   It protects you from negative energy.
   It affects your SH (+2).
Wands
 b - a wand of confusion (15/48)
 d - a wand of heal wounds (7/9)
 j - a wand of confusion (24/48)
 G - a wand of teleportation (4/9)
 H - a wand of lightning (4/15)
 J - a wand of acid (0/15)
 S - a wand of digging (7/24)
 T - a wand of disintegration (10/24)
 Z - a wand of paralysis (12/24)
Scrolls
 c - 5 scrolls of fear
 f - 2 scrolls of fog
 h - 7 scrolls of remove curse
 k - 10 scrolls of identify
 l - a scroll of amnesia
 t - 2 scrolls of blinking
 u - 6 scrolls of immolation
 x - 10 scrolls of teleportation
 W - 10 scrolls of magic mapping
Potions
 i - 4 potions of haste
 m - 5 potions of agility
 n - a potion of cancellation
 q - a potion of heal wounds
 y - 3 potions of might
 A - 3 potions of resistance
 E - 14 potions of curing
 O - 6 potions of flight
 Q - 2 potions of invisibility
Miscellaneous
 L - a sack of spiders
Comestibles
 g - 12 bread rations


   Skills:
 - Level 12.6 Fighting
 - Level 2.1 Short Blades
 - Level 10.0 Axes
 - Level 7.5(9.4) Slings
 - Level 7.3(8.4) Throwing
 + Level 7.7 Armour
 - Level 14.9 Dodging
 - Level 17.7 Stealth
 - Level 11.9 Shields
 - Level 11.9 Evocations


You had 6 spell levels left.
You knew the following spells:

 Your Spells              Type           Power        Failure   Level  Hunger
a - Blink                 Tloc           N/A          100%        2    ###....
b - Repel Missiles        Chrm/Air       #.....       100%        2    ###....
c - Conjure Flame         Conj/Fire      #.......     100%        3    ####...
d - Mephitic Cloud        Conj/Pois/Air  #.......     100%        3    ####...


Dungeon Overview and Level Annotations

Branches:
Dungeon (15/15)            Temple (1/1) D:4            Lair (8/8) D:10
 Shoals (0/4) Lair:6       Spider (0/4) Lair:4        Slime (0/6) Lair:7
    Orc (2/2) D:9             Elf (3/3) Orc:2        Vaults (0/5) D:14
 Depths (0/5) D:15

Altars:
Ashenzari
Cheibriados
Dithmenos
Elyvilon
Fedhas
Gozag
Kikubaaqudgha
Makhleb
Nemelex Xobeh
Okawaru
Pakellas
Qazlal
Ru
Sif Muna
Trog
Vehumet
Xom
Yredelemnul
Zin
The Shining One
Beogh

Shops:
D:4 *   D:7 [   D:8 ![   D:11 }=   D:12 [   D:14 *   D:15 %*?:(((*   Orc:2 ??%(
Elf:1 }}=(   Elf:2 *   Elf:3 *}!*

Portals:
Trove: Elf:2 (give 18 potions of curing)

Annotations:
Lair:3 exclusion: oklob plant
Elf:2 3 runed doors


Innate Abilities, Weirdness & Mutations

You are tiny and cannot use many weapons and most armour.
You have supernaturally acute eyesight.
You are a herbivore.
You cover ground extremely quickly.
You need consume almost no food.
You are agile. (Dex +2)
You are frail (-10% HP).
You are somewhat resistant to further mutation.
Your system is resistant to poisons.


Message History

You close the door.
You block the halberd of venom's attack.
The deep elf master archer shoots an arrow.
The arrow hits you!
* * * LOW HITPOINT WARNING * * *
You block the halberd of venom's attack.
The deep elf master archer shoots an arrow.
You reflect the arrow off your +3 buckler of reflection!
The arrow misses the deep elf master archer.
The arrow hits the halberd of venom!!
Drink which item? (? for menu, Esc to quit)
Okay, then.
Read which item? (? for menu, Esc to quit)
As you read the scroll of fear, it crumbles to dust.
You assume a fearsome visage.
The deep elf master archer resists with almost no effort.
The deep elf master archer shoots an arrow.
The arrow hits you!!
You die...
Your body crumbles into a pile of gold.

.........# ###..(P.P..#
.........# #...P...P..#
.))......# ###...P....#
#.......## ##'e..P..#
'#.....#'## ##.#'#....#
#########'######
##.##.#....# #
##....(###.#.....####
##.......#+#.(.)..# ##
##........@##.P....# .#
##....P.P...e#.P∩P.## .#
#....PPP.....$...P.#
.#####...PPPP......)....#
.'...'..PPPP8......#.#.##
.#####....P........#...#
.# #.....P.......###.###
.# ##........../....'..##
##
####.....P....##.......#


You could see a deep elf master archer.

Vanquished Creatures
  Rupert (Lair:5)
  A deep elf master archer (Elf:3)
  Wiglaf (Elf:3)
  An orc warlord (Orc:1)
  5 deep elf sorcerers
  2 deep elf elementalists (Elf:3)
  4 deep elf demonologists (Elf:3)
  4 deep elf annihilators (Elf:3)
  Azrael (D:13)
  3 deep elf death magi (Elf:3)
  8 vault guards (D:14)
  A minotaur (Lab)
  A deep elf high priest (Elf:3)
  Harold (Lair:3)
  A rakshasa (D:15)
  4 catoblepae
  6 hydras
  Erolcha (D:8)
  5 centaur warriors
  A deep troll shaman (Lair:8)
  14 death yaks
  3 tengu warriors
  7 deep elf knights
  4 orc high priests (Orc:2)
  A wretched star (Abyss:3)
  The ghost of Chiseanne the Covert, a novice SpAs of Gozag (D:8)
  5 unseen horrors
  An orc knight (Bailey)
  2 hill giants
  A lindwurm (Lair:8)
  6 deep elf archers
  A wizard (D:14)
  Pikel (D:7)
  An oklob plant (Lair:3)
  2 ugly things
  42 deep elf magi
  4 manticores
  A salamander (D:15)
  2 orc sorcerers
  2 griffons
  17 elephants
  4 black mambas
  5 gargoyles
  A torpor snail (Lair:6)
  9 spiny frogs
  3 rime drakes
  3 kobold demonologists
  9 komodo dragons
  2 tengu conjurers (D:14)
  8 ice devils (IceCv)
  3 spriggan druids (Lair:5)
  A queen bee (Abyss:3)
  5 trolls
  A polar bear (Lair:8)
  5 slime creatures
  A boulder beetle (Lair:8)
  A vampire (D:13)
  3 shadows (D:12)
  An air elemental (Elf:3)
  14 spriggans
  A spriggan (shapeshifter) (D:13)
  5 wyverns
  Sigmund (D:4)
  A water elemental (Elf:2)
  A wraith (D:15)
  2 fire elementals (D:13)
  Grum (D:8)
  49 yaks
  A basilisk (Lair:3)
  9 hippogriffs
  3 hungry ghosts
  2 mottled dragons
  Menkaure (D:7)
  9 wargs
  Edmund (D:6)
  16 water moccasins
  3 hell hounds (D:13)
  A soldier ant (D:8)
  4 porcupines
  3 sky beasts
  A slave (D:7)
  32 orc warriors
  An ice beast (D:12)
  6 wasps
  15 ogres
  2 eyes of draining
  A necrophage (D:8)
  2 phantoms
  13 wolves
  17 centaurs
  2 boggarts (Elf:1)
  15 crocodiles
  2 big kobolds
  20 giant frogs
  A giant frog (shapeshifter) (D:15)
  A wyvern zombie (D:14)
  2 water moccasin skeletons
  A water moccasin zombie (D:11)
  8 scorpions
  4 killer bees (Abyss:3)
  7 wights
  A vampire bat (D:8)
  2 howler monkeys
  8 crimson imps
  An electric eel (Lair:1)
  A giant frog zombie (D:12)
  4 centaur zombies
  A wasp zombie (D:14)
  20 orc wizards
  4 centaur skeletons
  10 hounds
  47 orc priests
  Crazy Yiuf (D:7)
  8 jellies
  6 giant frog skeletons
  14 iguanas
  A small abomination (Elf:3)
  6 hell rats (Lair:7)
  8 worker ants
  A killer bee zombie (D:10)
  10 sheep
  A hound zombie (D:10)
  2 hound skeletons
  4 worker ant zombies
  11 gnolls
  17 adders
  81 river rats
  6 shadow imps
  17 white imps
  8 ufetubi (IceCv)
  An ooze (D:4)
  4 adder skeletons
  4 worms
  3 dart slugs
  5 giant geckos
  137 orcs
  6 bats
  3 bat skeletons (D:8)
  3 bat zombies (D:8)
  13 giant cockroaches
  14 goblins
  10 hobgoblins
  5 jackals
  10 quokkas
  4 ball pythons
  2 giant gecko skeletons
  13 giant newts
  15 kobolds
  7 rats
  7 bushes
  7 fungi
  3 plants
1093 creatures vanquished.

Vanquished Creatures (collateral kills)
  Jorgrun (Elf:2)
  The ghost of symbioosi the Warrior, an adept MiBe of Trog (Elf:2)
  A deep elf elementalist (Elf:2)
  A deep elf annihilator (Elf:1)
  9 dancing weapons
  2 deep elf knights
  A wizard (Elf:1)
  2 deep elf archers (Elf:2)
  10 deep elf magi
  An air elemental (Elf:1)
  A water elemental (Elf:2)
  A fire elemental (Elf:1)
  An earth elemental (Elf:1)
32 creatures vanquished.

Vanquished Creatures (others)
  A deep elf high priest (Elf:3)
  A hydra (D:2)
  4 dancing weapons (Elf:3)
  A deep elf knight (Elf:1)
  3 deep elf archers
  A deep elf mage (Elf:3)
  3 centaurs
  An orc priest (Orc:2)
  An adder (D:2)
  A white imp (IceCv)
  3 ufetubi (IceCv)
  A jackal (D:2)
  A ball python (D:2)
  A fire vortex (Abyss:3)
  30 fungi
  A plant (Lair:8)
54 creatures vanquished.

Grand Total: 1179 creatures vanquished

Notes
Turn   | Place    | Note
--------------------------------------------------------------
     0 | D:1      | Chiseanne the Spriggan Assassin began the quest for the Orb.
     0 | D:1      | Reached XP level 1. HP: 10/10 MP: 2/2
   190 | D:1      | Reached skill level 6 in Stealth
   253 | D:1      | Reached XP level 2. HP: 12/15 MP: 3/3
   985 | D:1      | Found an oddly glowing altar of Pakellas.
  1018 | D:2      | Found a radiant altar of Vehumet.
  1118 | D:2      | Reached XP level 3. HP: 16/18 MP: 4/4
  1238 | D:2      | Found an oddly glowing altar of Pakellas.
  1239 | D:2      | Noticed a five-headed hydra
  1250 | D:2      | Killed a five-headed hydra
  1609 | D:2      | Reached XP level 4. HP: 23/23 MP: 5/5
  1663 | D:2      | Found a shadowy altar of Dithmenos.
  1664 | D:2      | Found a sparkling altar of Nemelex Xobeh.
  1799 | D:3      | Reached skill level 7 in Stealth
  2466 | D:3      | Found a glowing drain.
  2495 | Sewer    | Entered a sewer
  2749 | Sewer    | Reached XP level 5. HP: 16/27 MP: 6/6
  3226 | D:4      | Found a bloodstained altar of Trog.
  3431 | D:3      | Reached skill level 5 in Dodging
  3600 | D:4      | Reached XP level 6. HP: 29/32 MP: 7/7
  3616 | D:4      | Reached skill level 8 in Stealth
  3695 | D:4      | Found Suapsex's Assorted Antiques.
  3698 | D:4      | Noticed Sigmund
  3706 | D:4      | Killed Sigmund
  3724 | D:4      | Reached XP level 7. HP: 35/35 MP: 8/8
  3924 | D:4      | Found a deep blue altar of Sif Muna.
  4062 | D:4      | Reached skill level 9 in Stealth
  4106 | D:4      | Found a staircase to the Ecumenical Temple.
  4112 | Temple   | Entered the Ecumenical Temple
  4202 | Temple   | Became a worshipper of Gozag Ym Sagoz the Greedy
  4294 | D:5      | Entered Level 5 of the Dungeon
  4700 | D:5      | Reached skill level 10 in Stealth
  5755 | D:5      | Reached XP level 8. HP: 29/40 MP: 9/9
  6188 | D:6      | Reached skill level 11 in Stealth
  6305 | D:6      | Noticed Edmund
  6315 | D:6      | Killed Edmund
  6812 | D:7      | Reached skill level 5 in Throwing
  6812 | D:7      | Reached XP level 9. HP: 44/45 MP: 10/10
  6815 | D:7      | Reached skill level 12 in Stealth
  6816 | D:7      | Reached skill level 10 in Dodging
  6950 | D:7      | Found a blossoming altar of Fedhas.
  7122 | D:7      | Noticed Pikel
  7143 | D:7      | Killed Pikel
  7303 | D:7      | Noticed Menkaure
  7309 | D:7      | Killed Menkaure
  7613 | D:7      | Noticed Crazy Yiuf
  7619 | D:7      | Killed Crazy Yiuf
  7854 | D:7      | Reached skill level 13 in Stealth
  8004 | D:8      | Bought a runed robe for 16 gold pieces
  8046 | D:8      | Noticed Chiseanne's ghost (novice SpAs)
  8184 | D:8      | Found an ancient bone altar of Kikubaaqudgha.
  8196 | D:8      | Reached skill level 5 in Fighting
  8265 | D:8      | Noticed Grum
  8299 | D:8      | Killed Grum
  8327 | D:8      | Reached XP level 10. HP: 20/51 MP: 11/11
  8828 | D:8      | Killed Chiseanne's ghost
  8828 | D:8      | Reached skill level 14 in Stealth
  9056 | D:8      | Found a burning altar of Makhleb.
  9184 | D:8      | Noticed Erolcha
  9207 | D:8      | Killed Erolcha
  9350 | D:8      | Identified a scroll of acquirement
  9383 | D:8      | Bought a potion of flight for 42 gold pieces
  9383 | D:8      | Bought 2 potions of agility for 112 gold pieces
  9383 | D:8      | Bought a potion of might for 56 gold pieces
  9383 | D:8      | Bought a potion of curing for 42 gold pieces
 10187 | D:9      | Found a flagged portal.
 10201 | Bailey   | Entered a bailey
 10819 | Bailey   | Reached skill level 15 in Stealth
 10867 | Bailey   | Gained mutation: You are agile. (Dex +2) [potion of mutation]
 10867 | Bailey   | Gained mutation: Your system is resistant to poisons. [potion of mutation]
 10867 | Bailey   | Gained mutation: You are frail (-10% HP). [potion of mutation]
 10875 | Bailey   | Noticed an orc knight
 10879 | Bailey   | Killed an orc knight
 10998 | D:9      | Reached XP level 11. HP: 50/50 MP: 7/12
 11081 | D:9      | Reached skill level 1 in Slings
 11581 | D:9      | Found a staircase to the Orcish Mines.
 11603 | D:9      | Noticed a hill giant
 11768 | D:9      | Killed a hill giant
 11960 | D:4      | Bought a scroll labeled LOTYMULOETH for 24 gold pieces
 11960 | D:4      | Bought a glowing agate ring for 120 gold pieces
 11960 | D:4      | Bought a jewelled iron wand for 96 gold pieces
 12181 | D:10     | Entered Level 10 of the Dungeon
 12509 | D:10     | Noticed a hill giant
 12514 | D:10     | Killed a hill giant
 12741 | D:10     | Reached skill level 16 in Stealth
 12819 | D:10     | Found a staircase to the Lair.
 13181 | D:11     | Found Bokozxesh's Gadget Boutique.
 13181 | D:11     | Noticed an eight-headed hydra
 13186 | D:11     | Killed an eight-headed hydra
 13186 | D:11     | Reached skill level 5 in Slings
 13225 | D:11     | Noticed a four-headed hydra
 13228 | D:11     | Killed a four-headed hydra
 13327 | D:11     | Found a frozen archway.
 13680 | IceCv    | Entered an ice cave
 14119 | IceCv    | Reached XP level 12. HP: 24/55 MP: 13/13
 14370 | IceCv    | Reached skill level 17 in Stealth
 14390 | IceCv    | Got a faintly humming ice dragon armour
 14582 | IceCv    | Identified the +3 ice dragon armour of Xepsy {rF- rC++ Regen+ Str+3 Dex-3} (You found it in an ice cave)
 14862 | D:4      | Bought a scroll of acquirement for 1248 gold pieces
 15068 | D:11     | Bought a cursed amulet of inaccuracy for 24 gold pieces
 15232 | D:12     | Reached skill level 1 in Armour
 15688 | D:12     | Found Kayxtes's Antique Armour Shoppe.
 15696 | D:12     | Bought a shiny buckler for 139 gold pieces
 15696 | D:12     | Bought a runed hat for 124 gold pieces
 15952 | D:12     | Reached skill level 1 in Shields
 16310 | D:11     | Bought the amulet "Lyudoi" {Reflect rF++ rN+ Str+4 Int-5 SH+2} for 619 gold pieces
 16529 | D:13     | Noticed a tengu warrior
 16565 | D:13     | Killed a tengu warrior
 16763 | D:13     | Noticed Azrael
 16799 | D:13     | Killed Azrael
 16799 | D:13     | Reached skill level 10 in Fighting
 16912 | D:13     | Noticed a centaur warrior
 16927 | D:13     | Killed a centaur warrior
 16933 | D:13     | Reached XP level 13. HP: 65/65 MP: 14/14
 17557 | D:14     | Found Biehox's Assorted Antiques.
 17565 | D:14     | Bought a tapered glass wand for 148 gold pieces
 17565 | D:14     | Bought a smoky coppery potion for 33 gold pieces
 17565 | D:14     | Bought a scroll of identify for 74 gold pieces
 17565 | D:14     | Bought a potion of curing for 111 gold pieces
 17565 | D:14     | Bought a potion of might for 148 gold pieces
 17581 | D:14     | Gained mutation: You are somewhat resistant to further mutation. [potion of beneficial mutation]
 17663 | D:14     | Found a gate to the Vaults.
 17663 | D:14     | Noticed a vault guard
 17663 | D:14     | Noticed a vault guard
 17663 | D:14     | Noticed a vault guard
 17664 | D:14     | Noticed a vault guard
 17664 | D:14     | Noticed a vault guard
 17666 | D:14     | Noticed a vault guard
 17666 | D:14     | Noticed a vault guard
 17666 | D:14     | Noticed a vault guard
 17692 | D:14     | Killed a vault guard
 17716 | D:14     | Killed a vault guard
 17730 | D:14     | Killed a vault guard
 17755 | D:14     | Killed a vault guard
 17774 | D:14     | Killed a vault guard
 17795 | D:14     | Killed a vault guard
 17806 | D:14     | Killed a vault guard
 17806 | D:14     | Reached skill level 5 in Shields
 17819 | D:14     | Killed a vault guard
 18304 | D:15     | Entered Level 15 of the Dungeon
 18384 | D:15     | Found an opulent altar of Gozag.
 18392 | D:15     | Found Gozag's Platinum Reserve.
 18448 | D:15     | Found Wuats's Food Emporium.
 18758 | D:15     | Found Jephiam's Assorted Antiques.
 18789 | D:15     | Found Vittabu's Magic Scroll Shop.
 18958 | D:15     | Found a staircase to the Depths.
 19152 | D:15     | Reached XP level 14. HP: 72/72 MP: 15/15
 19495 | Orc:1    | Entered Level 1 of the Orcish Mines
 19646 | Orc:1    | Noticed an orc warlord
 20092 | Orc:1    | Killed an orc warlord
 20092 | Orc:1    | Reached skill level 1 in Evocations
 20283 | Orc:1    | Reached skill level 1 in Axes
 20340 | Orc:1    | You fall through a shaft!
 20340 | Orc:2    | Entered Level 2 of the Orcish Mines
 20655 | Orc:2    | Found a staircase to the Elven Halls.
 21457 | Orc:2    | Found Kusm's Food Shop.
 21457 | Orc:2    | Found Oluank's Antique Weapon Shoppe.
 21658 | Orc:2    | Found Veycaze's Magic Scroll Shop.
 21658 | Orc:2    | Found Gyjumu Ygha's Magic Scroll Shoppe.
 22035 | Orc:2    | Reached skill level 5 in Evocations
 22157 | Orc:2    | Bought a scroll of holy word for 120 gold pieces
 22157 | Orc:2    | Bought a scroll of fog for 32 gold pieces
 22157 | Orc:2    | Bought a scroll of magic mapping for 56 gold pieces
 22157 | Orc:2    | Bought a scroll of torment for 120 gold pieces
 22157 | Orc:2    | Bought a scroll of identify for 32 gold pieces
 22157 | Orc:2    | Bought a scroll of amnesia for 56 gold pieces
 22157 | Orc:2    | Bought a scroll of identify for 32 gold pieces
 22157 | Orc:2    | Bought a scroll of magic mapping for 56 gold pieces
 22157 | Orc:2    | Bought a scroll of fear for 56 gold pieces
 22157 | Orc:2    | Bought a scroll of enchant weapon for 120 gold pieces
 22169 | Orc:2    | Bought a scroll of immolation for 49 gold pieces
 22169 | Orc:2    | Bought a scroll of identify for 28 gold pieces
 22169 | Orc:2    | Bought a scroll of silence for 105 gold pieces
 22169 | Orc:2    | Bought a scroll of blinking for 105 gold pieces
 22169 | Orc:2    | Bought a scroll of blinking for 105 gold pieces
 22169 | Orc:2    | Bought a scroll of silence for 105 gold pieces
 22276 | Orc:2    | Found a roughly hewn altar of Beogh.
 22378 | D:8      | Bought a potion of brilliance for 56 gold pieces
 22378 | D:8      | Bought a potion of haste for 140 gold pieces
 22534 | Elf:1    | Entered Level 1 of the Elven Halls
 22636 | Elf:1    | Found Coschis's Jewellery Shop.
 22709 | Elf:1    | You fall through a shaft!
 22818 | Elf:2    | Found a portal to a secret trove of treasure.
 22855 | Elf:2    | Noticed a deep elf elementalist
 23587 | Elf:1    | Reached skill level 5 in Axes
 23646 | Elf:1    | Found Olusief's Gadget Shop.
 23669 | Elf:1    | Found Galleth's Gadget Shop.
 23699 | Elf:1    | Found Benatir's Weapon Boutique.
 24150 | D:15     | Bought a runed bronze wand for 136 gold pieces
 24150 | D:15     | Bought a scroll of teleportation for 102 gold pieces
 24150 | D:15     | Bought a scroll of teleportation for 102 gold pieces
 24469 | Elf:2    | Noticed Jorgrun
 24472 | Elf:2    | Killed a deep elf elementalist
 24481 | Elf:2    | Killed Jorgrun
 24481 | Elf:2    | Reached XP level 15. HP: 61/76 MP: 22/22
 24484 | Elf:2    | Noticed symbioosi's ghost (adept MiBe)
 24513 | Elf:2    | Killed symbioosi's ghost
 24604 | Elf:2    | Found a runed gate.
 24604 | Elf:2    | Found a runed gate.
 24604 | Elf:2    | Found a runed gate.
 24649 | Elf:2    | Noticed a deep elf sorcerer
 24695 | Elf:2    | Killed a deep elf sorcerer
 24882 | Elf:2    | Found Romucw's Assorted Antiques.
 24935 | Elf:2    | Bought a lead wand for 96 gold pieces
 24935 | Elf:2    | Bought a scroll of magic mapping for 84 gold pieces
 24935 | Elf:2    | Bought a potion of agility for 96 gold pieces
 25099 | Elf:2    | Reached skill level 10 in Evocations
 25344 | Elf:3    | Entered Level 3 of the Elven Halls
 25349 | Elf:3    | Found Zuhe's Gadget Shoppe.
 25370 | Elf:3    | Found an ancient bone altar of Kikubaaqudgha.
 25646 | Elf:3    | Found Nuotuthe's Assorted Antiques.
 25718 | Elf:3    | Bought a potion of curing for 126 gold pieces
 25718 | Elf:3    | Bought a scroll of enchant weapon for 315 gold pieces
 25718 | Elf:3    | Bought a potion of heal wounds for 210 gold pieces
 25750 | Elf:3    | Noticed Wiglaf
 25800 | Elf:3    | Killed Wiglaf
 25863 | Elf:3    | Noticed an Executioner
 25870 | Elf:3    | Noticed a Brimstone Fiend
 25874 | Elf:3    | Reached skill level 10 in Shields
 25874 | Elf:3    | Cast into level 3 of the Abyss (a deep elf demonologist)
 26019 | Abyss:3  | Noticed a tentacled starspawn
 26024 | Abyss:3  | Noticed a tentacled starspawn
 26201 | Abyss:3  | Got an abyssal rune of Zot
 26318 | Elf:3    | Escaped the Abyss
 26319 | Elf:3    | Noticed a Hell Sentinel
 26696 | Elf:3    | Found Heukkidu's Distillery.
 26702 | Elf:3    | Bought a potion of cancellation for 128 gold pieces
 26822 | Elf:3    | Found Naurun's Assorted Antiques.
 26849 | Elf:3    | Noticed a deep elf sorcerer
 26950 | Elf:3    | Killed a deep elf sorcerer
 26951 | Elf:3    | Noticed a deep elf sorcerer
 27234 | Elf:3    | Noticed a deep elf master archer
 27329 | Elf:3    | Killed a deep elf sorcerer
 27398 | Elf:3    | Noticed an Ice Fiend
 27408 | Elf:3    | Cast into level 2 of the Abyss (a deep elf demonologist)
 27451 | Abyss:2  | Noticed a tentacled starspawn
 27457 | Elf:3    | Escaped the Abyss
 27733 | Lair:1   | Entered Level 1 of the Lair of Beasts
 29086 | Lair:2   | Identified a +0 rod of ignition (9/9) (You found it on level 2 of the Lair of Beasts)
 29268 | Lair:2   | Reached XP level 16. HP: 81/81 MP: 25/25
 29466 | Lair:2   | You fall through a shaft for 2 floors!
 29679 | Lair:4   | Found a hole to the Spider Nest.
 30172 | Lair:5   | Noticed Rupert
 30178 | Lair:5   | Killed Rupert
 30242 | Lair:5   | Found a labyrinth entrance.
 30310 | Lab      | Entered a labyrinth
 30706 | Lab      | Learned a level 2 spell: Blink
 30709 | Lab      | Learned a level 2 spell: Repel Missiles
 30713 | Lab      | Learned a level 3 spell: Conjure Flame
 30717 | Lab      | Learned a level 3 spell: Mephitic Cloud
 30720 | Lab      | Identified a +3 rod of ignition (10/10) (You found it in a labyrinth)
 31042 | D:15     | Bought a crude blowgun for 195 gold pieces
 31043 | D:15     | Identified the +6 blowgun of Wyrd {evade, rC+ rN+} (You bought it in a shop on level 15 of the Dungeon)
 31050 | D:15     | Bought a runed hunting sling for 51 gold pieces
 31882 | Lair:3   | Noticed Harold
 31889 | Lair:3   | Killed Harold
 33211 | Lair:6   | Found a staircase to the Shoals.
 34350 | Lair:7   | Found a staircase to the Slime Pits.
 34938 | Lair:8   | Entered Level 8 of the Lair of Beasts
 35100 | Lair:8   | Reached skill level 5 in Armour
 35858 | Lair:8   | Reached skill level 10 in Axes
 35965 | Lair:8   | Reached XP level 17. HP: 58/84 MP: 26/26
 36458 | D:15     | Bought 2 throwing nets for 84 gold pieces
 37433 | D:15     | Bought a scroll of immolation for 56 gold pieces
 37433 | D:15     | Bought a scroll of immolation for 56 gold pieces
 37433 | D:15     | Bought a scroll of identify for 32 gold pieces
 37433 | D:15     | Bought a scroll of identify for 32 gold pieces
 37433 | D:15     | Bought a scroll of identify for 32 gold pieces
 37433 | D:15     | Bought a scroll of magic mapping for 56 gold pieces
 37433 | D:15     | Bought a scroll of identify for 32 gold pieces
 37502 | D:14     | Bought a scroll of recharging for 351 gold pieces
 37928 | Elf:3    | Killed a deep elf master archer
 38049 | Elf:3    | Noticed a Hell Sentinel
 38697 | Elf:3    | Bought a scroll of magic mapping for 108 gold pieces
 38697 | Elf:3    | Bought a scroll of teleportation for 93 gold pieces
 39054 | Elf:3    | Noticed a deep elf master archer
 39068 | Elf:3    | Shot with an arrow by a deep elf master archer

Skill      XL: |  1  2  3  4  5  6  7  8  9 10 11 12 13 14 15 16 17 |
---------------+----------------------------------------------------+-----
Stealth        | 6 7 8 10 11 13 15 16 17 | 17.7
Dodging        | 2 3 4 5 6 7 9 11 13 14 | 14.9
Fighting       | 2 3 4 5 6 10 12 | 12.6
Throwing       | 3 4 5 6 7 |  7.3
Slings         | 6 7 |  7.5
Armour         | 2 5 7 |  7.7
Shields        | 2 7 9 10 11 | 11.9
Evocations     | 8 11 | 11.9
Axes           | 5 7 10 | 10.0
Short Blades   | |  2.1

Action                   |  1- 3 |  4- 6 |  7- 9 | 10-12 | 13-15 | 16-18 || total
-------------------------+-------+-------+-------+-------+-------+-------++-------
Melee: Dagger            |   121 |   163 |   239 |   232 |   114 |       ||   869
       Hand axe          |       |       |    71 |   184 |  1357 |   429 ||  2041
       Whip              |       |       |    81 |   598 |       |       ||   679
       Short sword       |       |       |       |       |   110 |   230 ||   340
 Fire: Blowgun           |       |    18 |    11 |    31 |    88 |     5 ||   153
       Greatsling        |       |       |       |    91 |       |       ||    91
       Hunting sling     |       |       |       |       |       |    15 ||    15
Throw: Tomahawk          |       |       |       |       |    41 |       ||    41
       Throwing net      |       |       |       |       |     1 |       ||     1
Invok: Call Merchant     |       |       |     1 |     2 |       |     4 ||     7
Evoke: Wand              |       |       |     6 |     3 |    19 |    17 ||    45
       Box of beasts     |       |       |       |       |    20 |       ||    20
       Rod               |       |       |       |       |    20 |    52 ||    72
  Use: Scroll            |     4 |    10 |     6 |    19 |    11 |    16 ||    66
       Potion            |       |       |       |    12 |    12 |     2 ||    26
 Stab: Sleeping          |    10 |    19 |    22 |    84 |    62 |    84 ||   281
       Distracted        |       |     2 |     8 |    11 |    30 |    11 ||    62
       Fleeing           |       |     1 |       |       |       |       ||     1
       Held in net/web   |       |       |       |       |     1 |       ||     1
       Invisible         |       |       |       |       |     4 |     2 ||     6
       Paralysed         |       |       |       |       |       |     2 ||     2
  Eat: Fruit             |       |     2 |       |     3 |     3 |     9 ||    17
       Bread ration      |       |     1 |       |       |       |       ||     1
       Royal jelly       |       |       |       |     6 |     4 |     1 ||    11
       Pizza             |       |       |       |       |     1 |     1 ||     2
Armor: Robe              |     8 |    12 |    26 |    29 |       |       ||    75
       Skin              |       |       |       |     5 |       |       ||     5
       Ice dragon armour |       |       |       |    69 |   214 |    80 ||   363
Dodge: Dodged            |    87 |   130 |   386 |   966 |  1081 |   474 ||  3124
Block: Buckler           |       |       |       |   186 |  1147 |   544 ||  1877
       Reflection        |       |       |       |    11 |    63 |    12 ||    86
